 Dungeon Crawl Stone Soup version 0.30-a0-368-g86fb4627a9 (webtiles) character file.

Game seed: 4906111990748927021

277 themarg the Conjurer (level 6, -11/45 HPs)
             Began as a Draconian Conjurer on Nov 19, 2022.
             Mangled by an ogre
             ... wielding a +0 giant spiked club
              (25 damage)
             ... on level 4 of the Dungeon.
             The game lasted 00:10:59 (4397 turns).

themarg the Conjurer (Draconian Conjurer)           Turns: 4397, Time: 00:11:00

Health: -11/45     AC:  6    Str: 10    XL:     6   Next: 4%
Magic:  1/11       EV: 12    Int: 20    God:
Gold:   241        SH:  5    Dex:  9    Spells: 9/12 levels left

rFire   . . .      SeeInvis .    c - +0 dagger
rCold   . . .      Faith    .    (no shield)
rNeg    . . .      Spirit   .    (body armour unavailable)
rPois   .          Reflect  +    (helmet restricted)
rElec   .          Harm     .    (no cloak)
rCorr   .          Rampage  .    (no gloves)
Will    .....                    (no boots)
Stlth   ++........               e - amulet of reflection
HPRegen 0.27/turn                (no ring)
MPRegen 0.12/turn                (no ring)

@: no status effects
A: AC +6, unfitting armour, cold-blooded
a: no special abilities


You were on level 4 of the Dungeon.
You visited 1 branch of the dungeon, and saw 4 of its levels.

You collected 241 gold pieces.

Inventory:

Hand Weapons
 c - a +0 dagger (weapon)
Missiles
 d - 29 stones
Armour
 g - a +0 pair of gloves
Jewellery
 e - an amulet of reflection (around neck)
 m - a ring of protection from fire
Scrolls
 f - 4 scrolls of enchant armour
 j - a scroll of blinking {unknown}
 n - 2 scrolls of teleportation
 o - a scroll of poison {unknown}
 p - a scroll of fog {unknown}
Potions
 a - a potion of magic
 b - 2 potions of might
 h - a potion of flight {unknown}
 i - a potion of resistance {unknown}
 k - 2 potions of brilliance
 l - a potion of heal wounds {unknown}


   Skills:
 - Level 1.7 Dodging
 - Level 3.0 Stealth
 + Level 3.9 Spellcasting
 + Level 5.7 Conjurations


You had 9 spell levels left.
You knew the following spells:

 Your Spells              Type           Power      Damage    Failure   Level
a - Magic Dart            Conj           100%       1d8       1%          1
b - Searing Ray           Conj           52%        2d6       1%          2

Your spell library contained the following spells:

 Spells                   Type           Power      Damage    Failure   Level
 Momentum Strike          Conj/Tloc      30%        3d8       6%          2
 Dazzling Flash           Conj/Hex       30%        N/A       12%         3
 Blink                    Tloc           6%         N/A       21%         2
 Ensorcelled Hibernation  Hex/Ice        6%         N/A       21%         2
 Ignite Poison            Fire/Tmut/Pois 3%         N/A       36%         3
 Lesser Beckoning         Tloc           6%         N/A       36%         3
 Spider Form              Tmut/Pois      3%         N/A       36%         3
 Fulminant Prism          Conj/Hex       7%         3d7       36%         4
 Iskenderun's Mystic Bla  Conj/Tloc      15%        2d5       36%         4
 Sticky Flame             Conj/Fire      15%        2d4       36%         4
 Anguish                  Hex/Necr       1%         N/A       78%         4
 Ignition                 Fire           1%         3d3       100%        8


Dungeon Overview and Level Annotations

Branches:
Dungeon (4/15)
 Temple: D:4-7

Altars:
Okawaru

Annotations:
D:3 Sigmund
D:4 exclusions: orc priest and orc warrior


Innate Abilities, Weirdness & Mutations

Your plain brown scales are hard. (AC +6)
You cannot fit into any form of body armour.
You are cold-blooded and may be slowed by cold attacks.


Message History

The ogre is heavily wounded.
The searing ray hits the ogre.
The ogre is heavily wounded.
The searing ray hits the ogre.
The ogre is severely wounded.
You finish channelling your searing ray.
The ogre hits you with a +0 giant spiked club!
The jelly attacks as you move away! The jelly hits you.
You are splashed with acid!
* * * LOW HITPOINT WARNING * * *
Casting: Searing Ray (safe; 1% risk of failure)
Confirm with . or Enter, or press ? or * to list all spells.
Aiming: Searing Ray (safe; 1% risk of failure)
Press: ? - help, Shift-Dir - straight line, f - jelly
Aim: a jelly (100% to hit)
Okay, then.
The jelly attacks as you move away! The jelly hits you but does no damage.
Casting: Searing Ray (safe; 1% risk of failure)
Confirm with . or Enter, or press ? or * to list all spells.
Aiming: Searing Ray (safe; 1% risk of failure)
Press: ? - help, Shift-Dir - straight line, f - jelly
Aim: a jelly (100% to hit)
The searing ray hits the jelly!
The jelly is heavily wounded. (Press . to maintain the ray.)
The jelly hits you but does no damage.
The searing ray hits the jelly.
The jelly is severely wounded.
The jelly barely misses you.
The searing ray hits the jelly!
You kill the jelly!
The searing ray hits the ogre!
The ogre is almost dead.
You have reached level 6!
Your scales feel tougher.
The searing ray misses the ogre.
You finish channelling your searing ray.
The ogre hits you with a +0 giant spiked club!!
Ouch! That really hurt!
You die...

#......#.#.#.# PP≈.≈P.
#........#.#.##.#≈.≈#.
#......<......#PP≈.≈P.
#......###.##..PP≈.≈o.
#.....<........P#≈.≈#.
#........####....≈.≈..
#........# #...P≈.≈.o
#.###########...#≈.≈#.
#.#
#.......@O.....##≈.≈#
#.############....##
.≈≈# #####.#...
......O....# .≈≈
......#.# ...........#
.⌠≈
........###.#.........#
......).....#.........#
........# #........$.
........# .............
......#.#
.##...........


You could see an ogre.

Vanquished Creatures
  A water moccasin (D:3)
  2 jellies (D:4)
  Robin (D:2)
  3 adders
  A shadow imp (D:3)
  A dart slug (D:4)
  An orc (D:3)
  6 ball pythons
  2 endoplasms
  2 giant cockroaches (D:1)
  10 goblins
  7 hobgoblins
  6 kobolds
  7 bats
  2 frilled lizards
  6 rats
58 creatures vanquished.

Vanquished Creatures (others)
  7 plants (D:4)
7 creatures vanquished.

Grand Total: 65 creatures vanquished

Notes
Turn   | Place    | Note
-------+----------+-------------------------------------------
     0 | D:1      | themarg the Draconian Conjurer began the quest for the Orb.
     0 | D:1      | Reached XP level 1. HP: 14/14 MP: 3/3
   224 | D:1      | You fall into a shaft and drop 1 floor!
   392 | D:1      | Reached XP level 2. HP: 20/20 MP: 3/5
   395 | D:1      | Learned a level 2 spell: Searing Ray
  1594 | D:2      | Noticed Robin
  1598 | D:2      | Reached XP level 3. HP: 26/26 MP: 1/6
  2564 | D:2      | Killed Robin
  2825 | D:3      | Noticed Sigmund
  3162 | D:3      | Noticed a water moccasin
  3170 | D:3      | Killed a water moccasin
  3171 | D:3      | Reached skill level 5 in Conjurations
  3171 | D:3      | Reached XP level 4. HP: 33/33 MP: 0/9
  3171 | D:3      | Reached XP level 5. HP: 38/38 MP: 0/10
  3670 | D:3      | Found an iron altar of Okawaru.
  4061 | D:4      | Noticed an orc warrior
  4387 | D:4      | Noticed an ogre
  4397 | D:4      | Reached XP level 6. HP: 14/45 MP: 2/11
  4397 | D:4      | Mangled by an ogre

Illustrated notes

Levels and vault maps discovered:
D:1:      psy_arrival_terrarium, layout_basic
D:2:      layout_rooms, grunt_ministairs_5, chequers_serial_rivers_large_a,
          uniq_robin
D:3:      minmay_spotlight, layout_loops_ring, mainiacjoe_overflow_alcove_4,
          uniq_sigmund
D:4:      layout_basic, nicolae_elyvilon_temple_path, corner_web_ring

Skill      XL: |  1  2  3 |
---------------+----------+-----
Stealth        | 2 3 |  3.0
Spellcasting   | 3 |  3.9
Conjurations   | 5 |  5.7
Dodging        | |  1.7

Action                   |  1- 3 |  4- 6 || total
-------------------------+-------+-------++-------
Melee: Dagger            |    26 |       ||    26
       Tailslap          |     3 |       ||     3
 Cast: Magic Dart        |    44 |    22 ||    66
       Searing Ray       |    15 |     9 ||    24
  Use: Scroll            |       |     4 ||     4
Armor: Skin              |     6 |     4 ||    10
Dodge: Dodged            |    18 |     2 ||    20
Block: Other             |     6 |       ||     6

Table legend: (Time is in decaauts)
 A = Elapsed time spent in this place.
 B = Non-inter-level travel time spent in this place.
 C = Inter-level travel time spent in this place.
 D = Time resting spent in this place.
 E = Time spent auto-exploring this place.
 F = Levels seen in this place.
 G = Mean time per level.
                   A        B        C        D        E       F      G
               +--------+--------+--------+--------+--------+-----+--------+
         Total |   4418 |   4301 |    117 |    668 |   3125 |   4 | 1104.5 |
       Dungeon |   4418 |   4301 |    117 |    668 |   3125 |   4 | 1104.5 |
               +--------+--------+--------+--------+--------+-----+--------+

Top non-repeatable levels by time:
     D:2: 1618 daAuts
     D:3: 1341 daAuts
     D:1: 1138 daAuts
     D:4: 319 daAuts
